 Dungeon Crawl Stone Soup version 0.18-a0-943-g2c08dd4 (webtiles) character file.

2 Gorice the Scratcher (level 1, 0/9 HPs)
             Began as a Felid Wanderer on Dec 28, 2015.
             Slain by a kobold
             ... wielding a +0 short sword
              (5 damage)
             ... on level 1 of the Dungeon.
             The game lasted 00:01:10 (39 turns).

Gorice the Scratcher (Felid Wanderer)                 Turns: 39, Time: 00:01:10

Health: 0/9        AC:  1    Str:  7    XL:     1   Next: 25%
Magic:  3/3        EV: 15    Int: 15    God:
Gold:   8          SH:  0    Dex: 14    Spells: 1 memorised, 1 level left
                                        Lives:  0   Deaths: 0

rFire  . . .     SeeInvis +       - Unarmed
rCold  . . .     Gourm    .     (armour unavailable)
rNeg   . . .     Faith    .     (shield unavailable)
rPois  .         Spirit   .     (helmet unavailable)
rElec  .         Dismiss  .     (cloak unavailable)
rCorr  .         Reflect  .     (gloves unavailable)
SustAt .         Harm     .     (boots unavailable)
MR     .....                    (no amulet)
Stlth  +++.......               (no ring)
                                (no ring)

@: quick, not resistant to hostile enchantments, fairly stealthy
A: no armour, no weapons or thrown items, claws 1, fangs 3, see invisible,
carnivore 3, speed 1, shaggy fur 1, slow metabolism 1, sharp paws
a: no special abilities


You were on level 1 of the Dungeon.
You were not hungry.

You visited 1 branch of the dungeon, and saw 1 of its levels.

You collected 8 gold pieces.

Inventory:

Potions
 b - 2 potions of lignification {!q}
Books
 a - a book of Maledictions
Comestibles
 c - a meat ration {!e}
 d - a chunk of flesh


   Skills:
 - Level 1.0 Fighting
 + Level 2.8 Stealth
 - Level 4.0 Unarmed Combat
 + Level 1.0 Spellcasting
 * Level 3.1 Hexes


You had one spell level left.
You knew the following spells:

 Your Spells              Type           Power        Failure   Level  Hunger
a - Corona                Hex            ##.....      10%         1    ##.....


Dungeon Overview and Level Annotations

Branches:
Dungeon (1/15)

Altars:


Innate Abilities, Weirdness & Mutations

You cannot wear armour.
You are incapable of wielding weapons or throwing items.
You have sharp claws.
You have razor-sharp teeth.
You have supernaturally acute eyesight.
You are carnivorous and can eat meat at any time.
You cover ground quickly.
You are covered in fur (AC +1).
You have a slow metabolism.
Your sharp claws are effective at attacking unaware monsters.


Message History

Okay, then.
Welcome back, Gorice the Felid Wanderer.
Press ? for a list of commands and other information.
Memorise Corona, consuming 1 spell level and leaving 1?
You start memorising the spell.
You continue memorising.
You finish memorising.
Spell assigned to 'a'.
You are alive.
Your movement speed is quick.
Your attack speed is above average.
You are not resistant to hostile enchantments.
You are fairly stealthy.
Unknown command.
You open the door.
There is an open door here.
As you open the door, it creaks loudly!
There is an open door here.
You open the door.
There is an open door here.
You open the door.
There is an open door here.
You open the door.
A bat comes into view.
Found a bat skeleton.
There is an open door here.
The helpless bat fails to defend itself.
You mangle the bat!!
You kill the bat!
There is an open door here.
You open the door.
There is an open door here.
A rat comes into view.
Found 8 gold pieces and a scroll labeled VIOFIV ZANKODI.
You are alive.
Your movement speed is quick.
Your attack speed is above average.
You are not resistant to hostile enchantments.
You are fairly stealthy.
The helpless rat fails to defend itself.
You claw the rat!
You kill the rat!
You see here a rat corpse.
You butcher the rat corpse.
d - a chunk of flesh You now have 8 gold pieces.
A kobold comes into view. It is wielding a short sword.
The kobold shouts!
You see here a scroll labeled VIOFIV ZANKODI.
The kobold hits you with a short sword.
Damage: 4 (max 4)
You closely miss the kobold. The kobold hits you with a short sword.
Ouch! That really hurt!
You die...

##+##....##'##
#...###'##...#
+...'....'...' #
##.###########
#.# ###.### #..##
###.....#
#...###...###...#
#....#### ###...
###?@K.# .#
###....# ###...#
#.. #


You could see a kobold.

Vanquished Creatures
  A bat (D:1)
  A rat (D:1)
2 creatures vanquished.

Notes
Turn   | Place    | Note
--------------------------------------------------------------
     0 | D:1      | Gorice the Felid Wanderer began the quest for the Orb.
     0 | D:1      | Gorice set off with: a book of Maledictions, 2 potions of lignification {!q}, a meat ration {!e}
     0 | D:1      | Reached XP level 1. HP: 9/9 MP: 3/3
     2 | D:1      | Learned a level 1 spell: Corona
    39 | D:1      | Slain by a kobold

Vault maps used:
D:1:      arrival_zaba_pyramid

Action                   || total
-------------------------++-------
Melee: Unarmed           ||     3
 Stab: Sleeping          ||     2

Table legend:
 A = Turns spent in this place as a percentage of turns spent in the entire game.
 B = Non-inter-level travel turns spent in this place as a percentage of non-inter-level travel turns spent in the entire game.
 C = Inter-level travel turns spent in this place as a percentage of turns spent in this place.
 D = Turns resting spent in this place as a percentage of non-inter-level travel turns spent in this place.
 E = Turns spent auto-exploring this place as a percentage of non-inter-level travel turns spent in this place.
 F = Non-inter-level travel turns spent in this place divided by the number of levels of this place that you've seen.
                   A       B       C       D       E      F
               +-------+-------+-------+-------+-------+----------------------
         Total | 100.0 | 100.0 |   0.0 |   0.0 |   9.1 |  22.0
       Dungeon | 100.0 | 100.0 |   0.0 |   0.0 |   9.1 |  22.0
               +-------+-------+-------+-------+-------+----------------------

Vault maps used:
D:1:      arrival_zaba_pyramid
